Map: Ruins of Seras

Players

lesha

  • Race: Terran Terran

A.I. 1 (Hard) - Winner!

  • Race: Protoss Protoss

VOD

Have the link to the VOD?

Description

Time

  • Played on: Dec. 1, 2015, 11:18 a.m.
  • Length: 28:38
Show
View Real Time Build Order
Export as new Build Order

lesha Terran 

Build Orders:  

Get SALT Encoding   

  12  0:02  SCV  
  13  0:14  SCV  
  13  0:19  Supply Depot  
  14  0:26  SCV  
  15  0:41  SCV  
  16  0:44  Barracks  
  16  0:53  SCV  
  17  1:05  SCV  
  18  1:12  Refinery  
  18  1:14  Refinery  
  18  1:17  SCV  
  19  1:32  Orbital Command  
  19  1:45  Command Center  
  19  1:51  Marine  
  20  1:58  SCV  
  21  2:10  SCV  
  22  2:22  SCV  
  23  2:26  Supply Depot  
  23  2:47  SCV, Marine  
  23  2:48  Factory  
  25  2:59  SCV  
  25  3:05  Bunker  
  26  3:12  Barracks  
  26  3:13  Barracks  
  26  3:15  Barracks  
  26  3:20  SCV  
  26  3:21  Barracks  
  26  3:26  Orbital Command  
  27  3:36  Barracks Tech Lab  
  27  3:39  Factory Tech Lab  
  27  3:52  Starport  
  27  3:54  SCV  
  28  4:05  SCV  
  28  4:06  SCV  
  30  4:11  Marine x3  
  33  4:21  Supply Depot  
  33  4:26  Engineering Bay  
  33  4:28  Engineering Bay  
  33  4:30  Barracks Reactor  
  33  4:31  Barracks Reactor  
  33  4:32  Barracks Reactor  
  33  4:33  Barracks Reactor  
  33  4:48  SCV x2  
  35  4:53  Marine  
  36  5:00  SCV x2  
  36  5:02  Siege Tank  
  41  5:10  Supply Depot  
  41  5:11  Marine  
  41  5:12  SCV  
  41  5:13  SCV, Supply Depot  
  44  5:24  SCV, Refinery  
  44  5:25  SCV, Refinery  
  46  5:28  Marine  
  46  5:31  Starport Reactor  
  46  5:32  Marine  
  46  5:34  Starport  
  47  5:36  SCV  
  36  6:01  Marine  
  36  6:02  Marine x6  
  36  6:03  Marine x2  
  44  6:07  Medivac x2  
  48  6:12  Terran Infantry Weapons Level 1  
  48  6:17  Supply Depot  
  48  6:19  Terran Infantry Armor Level 1, Marine x2  
  48  6:20  Marine x4  
  54  6:29  Stimpack  
  52  6:37  Medivac  
  53  6:42  SCV x2  
  55  6:50  Marine x5  
  55  6:51  Marine x3  
  63  6:54  SCV  
  63  6:55  SCV  
  63  6:56  Medivac  
  67  7:06  SCV  
  68  7:13  Bunker  
  68  7:18  Siege Tank  
  71  7:41  Command Center  
  71  7:50  Marine x6  
  71  7:51  Marine  
  78  8:04  Supply Depot  
  78  8:11  Supply Depot  
  78  8:14  Supply Depot  
  78  8:25  Marine x4  
  82  8:27  Supply Depot  
  82  8:31  Marine  
  82  8:32  Marine x4  
  82  8:33  Supply Depot  
  89  8:39  Command Center, Supply Depot, Medivac  
  89  8:40  Medivac x2  
  93  8:43  Marine x3  
  96  9:09  Orbital Command, Medivac  
  98  9:10  Medivac x2  
  102  9:17  Supply Depot  
  96  9:39  Supply Depot, Medivac  
  95  10:03  Supply Depot  
  95  10:07  Orbital Command  
  95  10:11  Marine x2  
  95  10:12  Marine x7  
  104  10:14  Medivac  
  104  10:15  Medivac x2  
  110  10:28  Barracks  
  110  10:29  Barracks, Marine x3  
  110  10:35  Barracks  
  113  10:37  Barracks  
  113  10:44  Medivac  
  113  10:45  Medivac x2  
  119  10:50  Orbital Command  
  119  10:56  Marine x3  
  119  10:57  Marine x6  
  128  11:14  Medivac, Marine x5  
  128  11:15  Marine x2, Medivac x2  
  141  11:21  Starport  
  141  11:22  Starport  
  141  11:24  Barracks Reactor x2  
  141  11:25  Barracks Reactor x2  
  141  11:41  Marine x6  
  141  11:42  Widow Mine, Marine x2  
  141  11:44  Medivac  
  141  11:45  Medivac x2  
  157  11:55  SCV x4  
  161  12:03  Supply Depot  
  161  12:07  SCV x4  
  165  12:09  Supply Depot  
  165  12:13  Supply Depot  
  165  12:17  Marine x6  
  165  12:18  Marine x7  
  165  12:19  SCV, Marine  
  180  12:24  Widow Mine  
  180  12:25  SCV x3, Marine x3  
  188  12:31  SCV  
  188  12:34  Marine  
  190  12:48  SCV x3  
  190  12:49  SCV  
  194  12:53  Widow Mine  
  195  13:00  SCV x2  
  191  13:22  Widow Mine  
  193  13:42  Armory  
  193  13:43  Fusion Core  
  193  13:50  Widow Mine  
  193  13:54  Ghost Academy  
  195  14:08  Starport Tech Lab  
  195  14:09  Starport Tech Lab  
  172  16:22  Liberator x3  
  172  16:23  Liberator x2  
  176  16:43  Command Center  
  179  16:51  Refinery  
  179  16:52  Refinery  
  177  16:57  Command Center, Refinery  
  177  16:59  Refinery  
  171  17:05  Command Center, Liberator  
  144  19:02  Orbital Command  
  144  19:08  Orbital Command  
  144  19:56  Terran Vehicle Weapons Level 1  
  144  20:23  Cloaking Field  
  144  20:30  Hellbat  
  141  20:45  Factory  
  132  20:50  Factory  
  132  20:51  Hellbat  
  130  21:12  Hellbat  
  131  21:31  Marine x3  
  131  21:32  Marine x7  
  139  21:33  Marine x6  
  139  21:34  Hellbat, Marine  
  150  21:47  Factory Tech Lab  
  150  21:49  Marine x5  
  150  21:50  Terran Vehicle And Ship Armor Level 1, Marine x4  
  159  21:55  Factory Tech Lab  
  159  21:57  Factory  
  159  22:00  Factory  
  159  22:28  Ghost  
  161  22:36  Nuke  
  161  22:43  Terran Infantry Weapons Level 2  
  161  22:44  Terran Infantry Armor Level 2  
  161  22:57  Ghost  
  163  23:15  Hellion x4  
  163  23:16  Factory Tech Lab  
  163  23:17  Factory Tech Lab  
  163  23:23  Hellbat x3  
  163  23:25  Ghost  
  171  23:44  Hellbat  
  171  23:45  Hellbat x2  
  177  24:06  Cyclone x2, Hellbat  
  185  24:27  Cyclone  
  188  24:36  Personal Cloaking  
  188  24:38  Cyclone x2  
  194  24:53  Ghost Academy x2  
  194  24:55  Ghost Academy  
  194  24:59  Ghost Academy  
  194  25:04  Refinery  
  194  25:06  Refinery  
  194  25:09  Liberator  
  194  25:24  Raven  
  199  26:02  Nuke x3  
  199  26:03  Nuke  
Show
View Real Time Build Order
Export as new Build Order

A.I. 1 (Hard) Protoss - Winner!

Build Orders:  

Get SALT Encoding   

  12  0:01  Probe (Chrono Boost)  
  13  0:11  Probe (Chrono Boost)  
  14  0:20  Pylon  
  14  0:23  Probe (Chrono Boost)  
  15  0:38  Probe (Chrono Boost)  
  15  0:41  Gateway  
  16  0:49  Probe (Chrono Boost)  
  17  0:50  Assimilator  
  17  0:59  Probe (Chrono Boost)  
  17  1:03  Pylon  
  18  1:10  Probe (Chrono Boost)  
  19  1:24  Probe (Chrono Boost)  
  20  1:26  Zealot  
  20  1:32  Cybernetics Core  
  22  1:44  Gateway  
  22  1:49  Assimilator  
  22  2:08  Pylon  
  22  2:09  Stalker, Warp Gate  
  24  2:29  Zealot  
  26  2:37  Stalker  
  28  2:53  Pylon  
  28  2:54  Stalker  
  30  3:04  Probe (Chrono Boost)  
  31  3:07  Adept  
  33  3:16  Probe (Chrono Boost)  
  34  3:22  Forge  
  34  3:23  Stalker  
  37  3:28  Probe (Chrono Boost)  
  37  3:32  Stalker  
  39  3:40  Probe (Chrono Boost)  
  40  3:44  Pylon  
  40  3:52  Probe (Chrono Boost)  
  42  4:03  Probe (Chrono Boost)  
  42  4:51  Protoss Ground Weapons Level 1  
  42  4:56  Sentry  
  42  4:58  Gateway  
  44  5:00  Photon Cannon  
  44  5:04  Photon Cannon  
  44  5:05  Sentry  
  46  5:07  Nexus, Pylon  
  46  5:17  Zealot  
  48  5:27  Zealot, Robotics Facility  
  48  5:37  Sentry  
  46  5:47  Zealot  
  46  5:56  Zealot  
  46  6:05  Adept  
  46  6:07  Stargate  
  48  6:14  Sentry  
  48  6:15  Observer  
  51  6:21  Probe (Chrono Boost)  
  51  6:23  Probe (Chrono Boost)  
  51  6:24  Adept  
  55  6:32  Probe (Chrono Boost), Assimilator  
  56  6:34  Probe (Chrono Boost), Pylon  
  56  6:35  Observer, Protoss Ground Armor Level 1  
  52  6:41  Stalker  
  52  6:44  Probe (Chrono Boost)  
  52  6:45  Probe (Chrono Boost)  
  56  6:52  Stalker  
  58  6:55  Probe (Chrono Boost)  
  58  6:57  Probe (Chrono Boost)  
  60  7:03  Stalker  
  60  7:07  Probe (Chrono Boost)  
  64  7:08  Probe (Chrono Boost)  
  64  7:15  Pylon  
  64  7:18  Probe (Chrono Boost)  
  64  7:19  Probe (Chrono Boost)  
  66  7:28  Twilight Council  
  66  7:29  Probe (Chrono Boost)  
  68  7:30  Probe (Chrono Boost)  
  68  7:37  Photon Cannon  
  68  7:40  Probe (Chrono Boost)  
  68  7:41  Probe (Chrono Boost)  
  70  7:47  Photon Cannon  
  71  7:51  Probe (Chrono Boost)  
  71  7:53  Probe (Chrono Boost)  
  71  7:54  Forge  
  72  8:02  Probe (Chrono Boost)  
  72  8:04  Probe (Chrono Boost)  
  74  8:32  Assimilator  
  74  8:59  Void Ray  
  74  9:01  Warp Prism  
  78  9:07  Gateway  
  78  9:09  Stalker  
  82  9:10  Robotics Facility  
  82  9:13  Nexus, Stargate  
  82  9:15  Stalker, Pylon  
  84  9:22  Stalker  
  86  9:26  Blink  
  86  9:36  Warp Prism  
  84  9:40  Void Ray  
  84  9:43  Stalker  
  80  9:49  Stalker  
  70  9:55  Observer  
  70  9:56  Zealot  
  73  10:01  Protoss Ground Weapons Level 2  
  73  10:02  Zealot  
  73  10:06  Protoss Ground Armor Level 2  
  75  10:09  Sentry  
  75  10:10  Warp Prism  
  79  10:15  Zealot  
  81  10:22  Zealot  
  81  10:28  Stalker  
  85  10:34  Probe (Chrono Boost)  
  85  10:35  Sentry  
  89  10:36  Probe (Chrono Boost)  
  89  10:39  Probe (Chrono Boost)  
  90  10:45  Probe (Chrono Boost), Robotics Bay  
  91  10:51  Probe (Chrono Boost)  
  91  10:53  Probe (Chrono Boost)  
  94  10:57  Probe (Chrono Boost)  
  94  11:01  Protoss Air Weapons Level 1  
  94  11:03  Probe (Chrono Boost)  
  95  11:08  Probe (Chrono Boost)  
  95  11:10  Probe (Chrono Boost), Assimilator  
  97  11:14  Probe (Chrono Boost)  
  98  11:18  Pylon  
  98  11:20  Probe (Chrono Boost)  
  98  11:21  Pylon  
  98  11:22  Probe (Chrono Boost)  
  98  11:25  Probe (Chrono Boost)  
  101  11:26  Gravitic Drive  
  101  11:35  Assimilator  
  101  11:43  Photon Cannon  
  101  11:44  Photon Cannon  
  101  11:51  Templar Archives  
  101  11:52  Dark Shrine  
  101  12:09  Protoss Shields Level 1  
  101  12:11  Fleet Beacon  
  101  12:18  Observer Gravitic Boosters  
  101  12:36  High Templar  
  103  12:40  Immortal  
  107  12:45  Protoss Air Armor Level 1  
  107  12:46  Adept  
  107  12:47  Psionic Storm  
  107  12:49  Immortal  
  109  12:56  High Templar  
  115  13:01  Zealot  
  115  13:04  Nexus  
  85  13:06  Zealot  
  85  13:11  Zealot  
  89  13:17  Archon  
  89  13:21  High Templar  
  89  13:26  Sentry  
  93  13:31  Protoss Ground Weapons Level 3, Zealot  
  95  13:36  Stalker  
  97  13:47  Stalker  
  99  13:52  Stalker  
  101  13:56  Protoss Ground Armor Level 3  
  101  13:58  High Templar  
  103  14:15  Archon  
  103  14:16  Dark Templar  
  103  14:20  Stalker  
  72  14:24  Zealot  
  72  14:26  Probe (Chrono Boost)  
  72  14:28  Stalker, Probe (Chrono Boost), Pylon  
  72  14:31  Stalker, Probe (Chrono Boost)  
  57  14:37  Probe (Chrono Boost)  
  57  14:38  Pylon  
  47  14:39  Probe (Chrono Boost)  
  47  14:42  Assimilator  
  47  14:43  Probe (Chrono Boost), Zealot  
  47  14:44  Void Ray  
  47  14:45  Pylon  
  49  14:47  Assimilator  
  49  14:49  Probe (Chrono Boost)  
  49  14:50  Stalker  
  52  14:55  Zealot  
  54  15:00  Zealot  
  54  15:05  Dark Templar  
  54  15:07  Probe (Chrono Boost)  
  58  15:08  Probe (Chrono Boost)  
  58  15:09  Probe (Chrono Boost)  
  58  15:13  Dark Templar  
  61  15:18  Archon  
  61  15:19  Dark Templar, Probe (Chrono Boost)  
  61  15:20  Probe (Chrono Boost)  
  61  15:21  Probe (Chrono Boost)  
  66  15:24  Dark Templar  
  66  15:35  Zealot  
  58  15:38  Immortal  
  58  15:39  Probe (Chrono Boost)  
  62  15:46  Zealot  
  63  15:50  Stalker  
  63  15:53  Protoss Shields Level 2  
  63  15:54  Stalker  
  56  15:59  Zealot  
  53  16:05  Zealot, Archon  
  55  16:12  Dark Templar  
  47  16:21  Dark Templar  
  49  16:27  Archon  
  49  16:44  Probe (Chrono Boost)  
  49  16:45  Dark Templar  
  44  17:07  Dark Templar  
  41  17:17  Archon  
  41  17:24  Nexus  
  41  17:31  Dark Templar  
  43  17:39  Assimilator  
  39  17:54  Dark Templar  
  41  17:58  Nexus  
  41  18:09  Assimilator  
  39  18:14  Archon  
  39  18:16  Dark Templar  
  39  18:39  Dark Templar  
  35  19:00  Archon  
  35  19:03  Dark Templar  
  37  19:26  Dark Templar  
  37  19:30  Archon  
  39  19:49  Dark Templar  
  41  20:11  Dark Templar  
  43  20:16  Archon  
  43  20:27  Probe (Chrono Boost)  
  44  20:30  Adept  
  44  20:31  Probe (Chrono Boost)  
  44  20:32  Stalker  
  45  20:35  Zealot  
  32  21:01  Stalker  
  32  21:02  Probe (Chrono Boost)  
  33  21:05  Zealot  
  31  21:42  Adept  
  31  21:44  Stalker  
  31  21:45  Probe (Chrono Boost)  
  36  21:47  Adept  
  36  21:50  Adept  
  36  22:18  Probe (Chrono Boost)  
  35  22:27  Stalker  
  33  22:33  Probe (Chrono Boost)  
  35  22:37  Probe (Chrono Boost)  
  35  22:43  Probe (Chrono Boost)  
  36  22:48  Probe (Chrono Boost)  
  37  22:54  Probe (Chrono Boost)  
  36  22:59  Probe (Chrono Boost)  
  36  23:04  Zealot  
  36  23:05  Probe (Chrono Boost)  
  40  23:10  Stalker, Probe (Chrono Boost)  
  43  23:14  Sentry  
  43  23:17  Adept  
  43  23:32  Probe (Chrono Boost)  
  44  23:35  Probe (Chrono Boost)  
  45  23:44  Stalker  
  47  23:52  Stalker  
  41  23:56  Zealot, Void Ray  
  37  24:14  Probe (Chrono Boost)  
  37  24:15  Probe (Chrono Boost)  
  27  24:25  Probe (Chrono Boost)  
  27  24:26  Probe (Chrono Boost)  
  28  24:36  Probe (Chrono Boost)  
  28  24:38  Probe (Chrono Boost)  
  28  24:46  Probe (Chrono Boost)  
  28  24:48  Probe (Chrono Boost)  
  26  24:57  Probe (Chrono Boost)  
  26  24:59  Probe (Chrono Boost)  
  26  25:07  Probe (Chrono Boost)  
  26  25:10  Probe (Chrono Boost)  
  27  25:18  Probe (Chrono Boost)  
  27  25:19  Stalker  
  26  25:50  Probe (Chrono Boost)  
  26  26:39  Probe (Chrono Boost)  
  26  27:08  Probe (Chrono Boost)  
  8  27:34  Probe (Chrono Boost)  
  6  28:16  Probe (Chrono Boost)  
Tags
 
Add a new tag
Caveats
  • Supply blocks, unpowered buildings, or Contaminate may cause inaccurate times.
  • Supply counts are checked every 10 seconds.